 Dungeon Crawl Stone Soup version 0.30.1-11-g7821555f0a (webtiles) character file.

Game seed: 1375540457795139041

3 lonewolfV2 the Shield-Bearer (level 1, -4/18 HPs)
             Began as a Formicid Fighter on Nov 15, 2023.
             Succumbed to a goblin's poison
             ... on level 1 of the Dungeon.
             The game lasted 00:00:10 (39 turns).

lonewolfV2 the Shield-Bearer (Formicid Fighter)       Turns: 39, Time: 00:00:11

Health: -4/18      AC:  6    Str: 20    XL:     1   Next: 55%
Magic:  1/1        EV:  9    Int:  7    God:
Gold:   0          SH:  5    Dex: 13    Spells: 0/0 levels left

rFire   . . .        a - +0 war axe
rCold   . . .        c - +0 buckler
rNeg    . . .        b - +0 scale mail
rPois   .            (helmet unavailable)
rElec   .            (no cloak)
rCorr   .            (no gloves)
SInv    +            (no boots)
Will    .....        (no amulet) Stlth
                     (no ring)
HPRegen 0.23/turn    (no ring)
MPRegen 0.07/turn

%: no passive effects
@: lethally poisoned (-4 -> -26)
A: permanent stasis, dig shafts and tunnels, antennae 3, four strong arms
a: Dig, Shaft Self


You were on level 1 of the Dungeon.
You visited 1 branch of the dungeon, and saw 1 of its levels.

Inventory:

Hand Weapons
 a - a +0 war axe (weapon)
Armour
 b - a +0 scale mail (worn)
 c - a +0 buckler (worn)
Potions
 d - a potion of might


   Skills:
 + Level 3.3 Fighting
 * Level 2.2 Axes
 - Level 3.2 Armour
 - Level 4.0 Shields


You couldn't memorise any spells.
You didn't know any spells.
Your spell library was empty.

Dungeon Overview and Level Annotations

Branches:
Dungeon (1/15)

Altars:


Innate Abilities, Weirdness & Mutations

You cannot be hasted, slowed, berserked, paralysed or teleported.
You can dig through walls and to a lower floor.
You have a pair of large antennae on your head. (SInv)
Your four strong arms can wield two-handed weapons with a shield.


Message History

The kobold attacks as you move away!
The kobold hits you with a +0 short sword.
The hobgoblin hits you. The goblin hits you but does no damage.
The giant cockroach bites you but does no damage.
You closely miss the hobgoblin. You hit the goblin.
You closely miss the kobold. You slash the giant cockroach!
You kill the giant cockroach!
The hobgoblin hits you but does no damage.
You block the kobold's attack. The goblin hits you but does no damage.
The hobgoblin hits you.
The kobold hits you with a +0 short sword.
The goblin closely misses you. The goblin hits you but does no damage.
You are poisoned.
You hit the hobgoblin.
The hobgoblin is heavily wounded.
You barely miss the goblin. You closely miss the kobold.
You closely miss the goblin.
You feel sick. The hobgoblin barely misses you. The kobold barely misses you.
The goblin barely misses you. The goblin hits you but does no damage.
You are lethally poisoned!
You slash the hobgoblin!
You kill the hobgoblin!
You hit the giant cockroach but do no damage.
You barely miss the goblin. You hit the kobold but do no damage.
You hit the goblin but do no damage.
* * * LOW HITPOINT WARNING * * *
You feel very sick.
The goblin hits you with a +0 dagger of venom.
* * * LOW HITPOINT WARNING * * *
You are more poisoned.
The kobold barely misses you. The giant cockroach barely misses you.
The goblin hits you with a +0 club.
* * * LOW HITPOINT WARNING * * *
You block the kobold's attack.
The giant cockroach bites you but does no damage.
The goblin hits you but does no damage. The goblin misses you.
Unknown command.
It was a potion of haste.
Your stasis prevents you from being hasted.
You die...

.......# .. .......#
......##.......
..#8.8###...............
..#######......#........
.......#.......#........
.........#..............
)#......##..............
.#.#...........B†g......
.#.##......>...g@.......
.#.#....##......K.......
.....##.###.#..#.##.....
...#. #.....##...# ....
[..#. #.##.......... ...
...##...##.###....#.. ..
# ##..##.# #.##.... {.
#####.# ..# ###. .....##


You could see a giant cockroach, 2 goblins and a kobold.

Vanquished Creatures
  A giant cockroach (D:1)
  A hobgoblin (D:1)
  A kobold (D:1)
3 creatures vanquished.

Notes
Turn   | Place    | Note
-------+----------+-------------------------------------------
     0 | D:1      | lonewolfV2 the Formicid Fighter began the quest for the
                  | Orb.
     0 | D:1      | Reached XP level 1. HP: 18/18 MP: 1/1
    39 | D:1      | Succumbed to a goblin's poison

Illustrated notes

Levels and vault maps discovered:
D:1:      mrwooster_arrival_statue_2, layout_rooms

Action                     || total
---------------------------++-------
  Melee: War axe           ||     5
    Use: Potion            ||     1
 Armour: Scale mail        ||    10
  Dodge: Dodged            ||    10
  Block: Buckler           ||     2
